 Dungeon Crawl Stone Soup version 0.28-a0-1382-g92835e5c71 (webtiles) character file.

Game seed: 874828986795000660

37698 voltaire321 the Fighter (level 13, -4/109 HPs)
             Began as a Demonspawn Gladiator on Dec 7, 2021.
             Was a High Priest of Makhleb.
             Slain by a 14-headed hydra (10 damage)
             ... on level 5 of the Lair of Beasts on Jan 2, 2022.
             The game lasted 00:55:09 (20426 turns).

voltaire321 the Fighter (Demonspawn Gladiator)     Turns: 20426, Time: 00:55:10

Health: -4/109     AC: 19    Str: 21    XL:     13   Next: 59%
Magic:  0/22       EV: 14    Int:  9    God:    Makhleb [*****.]
Gold:   1020       SH: 17    Dex: 14    Spells: 12/12 levels left

rFire   . . .      SeeInvis .   N - +3 broad axe (vamp)
rCold   . . .      Faith    .   T - +2 tower shield
rNeg    . . .      Spirit   +   n - +2 ring mail {Will+}
rPois   .          Reflect  +   e - +2 hat of Death Resistance {Slay+3}
rElec   .          Harm     .   (no cloak)
rCorr   .          Rampage  .   (no gloves)
Will    +....                   R - +1 pair of boots
Stlth   +.........              v - amulet of reflection
HPRegen 0.28/turn               l - +4 ring of protection
MPRegen 0.36/turn               F - +4 ring of evasion

@: studying 3 skills
A: claws 1, slimy green scales 1, powered by pain 1, magic shield, magic
regeneration
a: Renounce Religion, Minor Destruction, Lesser Servant of Makhleb, Major
Destruction, Greater Servant of Makhleb


You were on level 5 of the Lair of Beasts.
You worshipped Makhleb.
Makhleb was extremely pleased with you.
You visited 3 branches of the dungeon, and saw 16 of its levels.
You also visited: Sewer, Ossuary and Bailey.

You collected 1020 gold pieces.

Inventory:

Hand Weapons
 a - a +1 war axe of venom
 N - a +3 vampiric broad axe (weapon)
Missiles
 d - 8 throwing nets
 o - 65 poisoned darts (quivered)
 K - 26 boomerangs
Armour
 e - the +2 hat of Death Resistance (worn) {Slay+3}
   (You acquired it on level 3 of the Lair of Beasts)

   Slay:      It affects your accuracy & damage with ranged weapons and melee
   (+3).
 n - a +2 ring mail of willpower (worn)
 M - a +3 plate armour
 R - a +1 pair of boots (worn)
 T - a +2 tower shield (worn)
Jewellery
 b - a ring of fire
 c - a ring of resist corrosion
 l - a +4 ring of protection (left claw)
 t - a ring of ice
 v - an amulet of reflection (around neck)
 y - a ring of fire
 F - a +4 ring of evasion (right claw)
 J - a ring of poison resistance
Wands
 m - a wand of acid (5)
 r - a wand of flame (7)
 x - a wand of charming (10)
 A - a wand of digging (1)
 D - a wand of iceblast (11)
 O - a wand of polymorph (1)
Scrolls
 j - 8 scrolls of amnesia
 q - 4 scrolls of magic mapping
 z - a scroll of summoning
 B - 3 scrolls of blinking
 C - 6 scrolls of teleportation
 G - 3 scrolls of fog
 I - a scroll of silence
 P - a scroll of identify
 Q - 2 scrolls of enchant armour
 S - a scroll of fear
Potions
 f - 3 potions of might
 g - 3 potions of resistance
 h - 7 potions of curing
 i - a potion of ambrosia
 k - 2 potions of mutation
 s - a potion of brilliance
 u - 3 potions of invisibility
 w - 5 potions of lignification
 E - a potion of cancellation
 H - a potion of haste
 L - a potion of magic
Miscellaneous
 p - a phantom mirror


   Skills:
 + Level 12.9 Fighting
 + Level 9.6 Axes
 - Level 6.0 Throwing
 + Level 9.0 Armour
 + Level 9.6 Dodging
 + Level 0.0 Shields
 + Level 12.5 Invocations
 + Level 7.9 Evocations


You had 12 spell levels left.
You didn't know any spells.
Your spell library contained the following spells:

 Spells                   Type           Power      Damage    Failure   Level
 Apportation              Tloc           0%         N/A       100%        1
 Sandblast                Erth           0%         2d4       100%        1
 Slow                     Hex            0%         N/A       100%        1
 Sting                    Tmut/Pois      0%         1d3       100%        1
 Passwall                 Tmut/Erth      0%         N/A       100%        2
 Poisonous Vapours        Pois/Air       0%         N/A       100%        2
 Static Discharge         Conj/Air       0%         N/A       100%        2
 Sublimation of Blood     Necr           0%         N/A       100%        2
 Confusing Touch          Hex            0%         N/A       100%        3
 Conjure Flame            Conj/Fire      0%         6-21      100%        3
 Gell's Gravitas          Tloc           0%         N/A       100%        3
 Ignite Poison            Fire/Tmut/Pois 0%         N/A       100%        3
 Lesser Beckoning         Tloc           0%         N/A       100%        3
 Stone Arrow              Conj/Erth      0%         3d7       100%        3
 Teleport Other           Tloc           0%         N/A       100%        3
 Vampiric Draining        Necr           0%         2d6       100%        3
 Cause Fear               Hex            0%         N/A       100%        4
 Hailstorm                Conj/Ice       0%         3d3       100%        4
 Ice Form                 Ice/Tmut       0%         N/A       100%        4
 Petrify                  Tmut/Erth      0%         N/A       100%        4
 Sticky Flame             Conj/Fire      0%         2d3       100%        4
 Alistair's Intoxication  Tmut/Pois      0%         N/A       100%        5
 Irradiate                Conj/Tmut      0%         3d14      100%        5
 Lightning Bolt           Conj/Air       0%         1d11      100%        5
 Simulacrum               Ice/Necr       0%         N/A       100%        6
 Dragon Form              Tmut           0%         N/A       100%        7
 Maxwell's Capacitive Co  Air            0%         ∞         100%        8
 Dragon's Call            Summ           0%         N/A       100%        9


Dungeon Overview and Level Annotations

Branches:
Dungeon (10/15)            Temple (1/1) D:4            Lair (5/6) D:9
 Shoals (0/4) Lair:2        Snake (0/4) Lair:4        Slime (0/5) Lair:5
    Orc (0/2) D:9           Sewer (visited)         Ossuary (visited)
 Bailey (visited)

Altars:
Ashenzari
Cheibriados
Dithmenos
Elyvilon
Fedhas
Gozag
Hepliaklqana
Kikubaaqudgha
Makhleb
Nemelex Xobeh
Okawaru
Qazlal
Ru
Sif Muna
Trog
Uskayaw
Vehumet
Wu Jian
Xom
Yredelemnul
Zin
The Shining One

Shops:
D:8 (   D:9 (   D:10 *

Annotations:
D:10 2 transporters
Lair:5 exclusion: oklob plant


Innate Abilities, Weirdness & Mutations

You have sharp fingernails.
You are partially covered in slimy green scales. (AC +2)
You sometimes gain a little power by taking damage.
When hurt, damage is shared between your health and your magic reserves.
You regenerate magic rapidly.


Message History

You block the 13-headed hydra's attack. The 13-headed hydra misses you.
The 13-headed hydra bites you but does no damage. x2
The 13-headed hydra barely misses you. The 13-headed hydra bites you.
The 13-headed hydra barely misses you. The 13-headed hydra misses you.
You block the 13-headed hydra's attack. The 13-headed hydra bites you.
The 13-headed hydra bites you but does no damage. x2
The 13-headed hydra closely misses you. The 13-headed hydra bites you! x2
* * * LOW HITPOINT WARNING * * *
The 13-headed hydra bites you.
* * * LOW HITPOINT WARNING * * *
The 13-headed hydra bites you.
* * * LOW HITPOINT WARNING * * *
The 13-headed hydra closely misses you. x2
You chop one of the 13-headed hydra's heads off!
The 12-headed hydra grows two more!
You hit the 14-headed hydra.
You feel better.
The 14-headed hydra is severely wounded.
You block the 14-headed hydra's attack.
The 14-headed hydra bites you but does no damage.
The 14-headed hydra bites you.
* * * LOW HITPOINT WARNING * * *
You block the 14-headed hydra's attack.
The 14-headed hydra bites you but does no damage.
You block the 14-headed hydra's attack.
The 14-headed hydra bites you but does no damage.
The 14-headed hydra bites you.
* * * LOW HITPOINT WARNING * * *
You block the 14-headed hydra's attack. The 14-headed hydra misses you.
The 14-headed hydra closely misses you.
The 14-headed hydra bites you but does no damage.
The 14-headed hydra bites you.
* * * LOW HITPOINT WARNING * * *
The 14-headed hydra bites you.
* * * LOW HITPOINT WARNING * * *
You block the 14-headed hydra's attack.
The 14-headed hydra bites you but does no damage. x2
The 14-headed hydra bites you!
* * * LOW HITPOINT WARNING * * *
The 14-headed hydra closely misses you. The 14-headed hydra bites you!
You die...

≈≈≈ ≈≈≈ #.≈≈≈ ###P≈≈≈ # ###
###### #P...≈≈ ### #.##
####..#.#### ######..P≈≈
..####.###..#...#...###..##....P≈
................................≈
................@D((.....(.......
#..P......PP..##.................
.................................
..P.......#....#.................
...#..........P..................
...............P.................
...........P...P.................
...............#.................
##...............................


You could see a 14-headed hydra (very poisoned).

Vanquished Creatures
  An orc warlord (Bailey)
  A dire elephant (Lair:4)
  Harold (D:9)
  Erolcha (D:9)
  2 hydras
  A boulder beetle (Lair:2)
  Erica (D:8)
  A death yak (Lair:4)
  2 two-headed ogres (D:9)
  Pikel (D:9)
  2 orc knights (Bailey)
  5 elephants
  A manticore (D:9)
  10 black mambas
  Maurice (D:8)
  Joseph (D:8)
  3 rime drakes
  7 cane toads
  4 komodo dragons
  A troll (D:5)
  2 merfolk (Lair:2)
  13 blink frogs
  A polar bear (Lair:3)
  A vampire (D:9)
  A wraith (D:10)
  4 wyverns
  Eustachio (D:4)
  27 yaks
  2 basilisks
  A steam dragon (D:7)
  Menkaure (D:6)
  5 nagas (Lair:4)
  12 water moccasins
  2 sky beasts
  A black bear (D:9)
  9 orc warriors
  2 ice beasts (D:7)
  2 necrophages
  9 wolves
  4 centaurs
  4 ogres
  3 phantoms (D:5)
  2 lemures (D:9)
  6 kobold brigands
  Blork the orc (D:4)
  12 bullfrogs
  A gnoll sergeant (D:9)
  A scorpion (D:5)
  5 water moccasin zombies
  2 water moccasin skeletons
  A wyvern skeleton (D:6)
  9 killer bees (D:9)
  16 wights
  An electric eel (Lair:1)
  3 centaur zombies
  3 hounds
  8 jellies
  2 centaur skeletons (D:5)
  2 gnoll shamans
  8 orc priests
  A bullfrog skeleton (D:4)
  3 iguanas
  Natasha (thrice) (D:3)
  13 orc wizards
  A hell rat (Lair:4)
  2 killer bee zombies
  A hound skeleton (D:5)
  A howler monkey skeleton (D:4)
  3 mummies
  Robin (D:4)
  4 howler monkey zombies
  18 gnolls
  12 adders
  4 river rats
  2 shadow imps (D:8)
  A white imp (D:7)
  6 adder zombies (Ossuary)
  6 worms
  2 dart slugs
  47 orcs
  5 ball pythons
  16 endoplasms
  4 giant cockroaches
  3 gnoll zombies (Ossuary)
  22 goblins
  12 hobgoblins
  4 jackals (D:3)
  22 kobolds
  5 quokkas
  5 bats
  2 frilled lizards
  2 hobgoblin zombies (Ossuary)
  9 kobold zombies (Ossuary)
  6 orc zombies (Ossuary)
  7 rats
  5 bushes (D:5)
497 creatures vanquished.

Vanquished Creatures (collateral kills)
  2 hydras
2 creatures vanquished.

Vanquished Creatures (others)
  8 fungi
  62 plants
  2 withered plants (D:8)
72 creatures vanquished.

Grand Total: 571 creatures vanquished

Notes
Turn   | Place    | Note
-------+----------+-------------------------------------------
     0 | D:1      | voltaire321 the Demonspawn Gladiator began the quest for
                  | the Orb.
     0 | D:1      | Reached XP level 1. HP: 16/16 MP: 1/1
   162 | D:1      | Found a faded altar of an unknown god.
   216 | D:1      | Gained mutation: You have sharp fingernails. [demonic
                  | ancestry]
   216 | D:1      | Reached XP level 2. HP: 12/22 MP: 2/2
  1213 | D:1      | Upgraded the game from 0.28-a0-1033-g1a2f33fa85 to
                  | 0.28-a0-1382-g92835e5c71
  1441 | D:2      | Gained mutation: You regenerate magic rapidly. [demonic
                  | ancestry]
  1441 | D:2      | Reached XP level 3. HP: 26/28 MP: 3/3
  2402 | D:3      | Reached XP level 4. HP: 29/34 MP: 4/4
  2585 | D:3      | Noticed Natasha
  2597 | D:3      | Killed Natasha
  2635 | D:3      | Noticed Natasha
  2648 | D:3      | Killed Natasha
  2729 | D:3      | Noticed Natasha
  2738 | D:3      | Killed Natasha
  2739 | D:3      | Gained mutation: You are partially covered in slimy green
                  | scales. (AC +2) [demonic ancestry]
  2739 | D:3      | Reached XP level 5. HP: 26/41 MP: 5/5
  2916 | D:3      | Reached skill level 1 in Armour
  3391 | D:4      | Found a glowing drain.
  3395 | Sewer    | Entered a sewer
  3748 | Sewer    | Gained mutation: When hurt, damage is shared between your
                  | health and your magic reserves. [demonic ancestry]
  3748 | Sewer    | Reached XP level 6. HP: 17/47 MP: 6/6
  4733 | Sewer    | Reached XP level 7. HP: 28/53 MP: 7/7
  5295 | D:4      | Noticed Eustachio
  5308 | D:4      | Killed Eustachio
  5474 | D:4      | Noticed Robin
  5486 | D:4      | Killed Robin
  5634 | D:4      | Found a snail-covered altar of Cheibriados.
  6039 | D:4      | Found a staircase to the Ecumenical Temple.
  6051 | Temple   | Entered the Ecumenical Temple
  6366 | D:4      | Found a bloodstained altar of Trog.
  6384 | D:4      | Reached XP level 8. HP: 59/61 MP: 8/8
  6501 | D:4      | Noticed Blork the orc
  6512 | D:4      | Killed Blork the orc
  6680 | D:5      | Entered Level 5 of the Dungeon
  6698 | D:5      | Found a blossoming altar of Fedhas.
  6968 | D:5      | Reached skill level 5 in Fighting
  6968 | D:5      | Reached skill level 5 in Dodging
  6986 | D:5      | Found a burning altar of Makhleb.
  6998 | D:5      | Became a worshipper of Makhleb the Destroyer
  7115 | D:5      | Reached skill level 5 in Axes
  7124 | D:5      | Reached skill level 1 in Invocations
  7810 | D:5      | Reached skill level 5 in Throwing
  7810 | D:5      | Reached XP level 9. HP: 50/68 MP: 11/11
  7888 | D:5      | Noticed a troll
  8457 | D:5      | Killed a troll
  9047 | D:6      | Reached * piety under Makhleb
  9511 | D:6      | Found a sparkling altar of Nemelex Xobeh.
  9549 | D:6      | Noticed Menkaure
  9554 | D:6      | Killed Menkaure
  9555 | D:6      | Reached skill level 5 in Armour
  9930 | D:7      | Identified a scroll of acquirement
  9930 | D:7      | Acquired a manual of Fighting
  9958 | D:7      | Reached skill level 1 in Evocations
  9967 | D:7      | Reached skill level 5 in Invocations
  9976 | D:7      | Found a shimmering altar of Xom.
  9976 | D:7      | Found a shimmering altar of Xom.
  9976 | D:7      | Found a shimmering altar of Xom.
  9977 | D:7      | Found a shimmering altar of Xom.
  9982 | D:7      | Found a shimmering altar of Xom.
 10036 | D:7      | Reached XP level 10. HP: 71/74 MP: 13/13
 10223 | D:7      | Found a stormy altar of Qazlal.
 10744 | D:7      | Noticed a shock serpent
 10744 | D:7      | Noticed a black mamba
 10752 | D:7      | a black mamba changed into a jumping spider
 10959 | D:7      | Noticed an eye of devastation
 10982 | D:8      | Found Hyacvi's Antique Weapon Boutique.
 11008 | D:8      | Reached ** piety under Makhleb
 11070 | D:8      | Noticed Joseph
 11083 | D:8      | Killed Joseph
 11087 | D:8      | Found a sand-covered staircase.
 11090 | D:8      | Identified the +7 war axe of Irrepressible Laughter
                  | {distort, rElec rPois Str+3 Dex-4}
 11101 | Ossuary  | Entered an ossuary
 11335 | D:8      | Noticed Erica
 11357 | D:8      | Noticed Maurice
 11516 | D:8      | Killed Erica
 11546 | D:8      | Killed Maurice
 11585 | D:8      | Reached *** piety under Makhleb
 11640 | D:8      | Got the Disquisition on Poisonous Fire
 11682 | D:8      | Found a hide-covered altar of Uskayaw.
 11866 | D:8      | Found an ornate altar of the Wu Jian Council.
 11946 | D:9      | Found a flagged portal.
 11965 | Bailey   | Entered a bailey
 12032 | Bailey   | Noticed an orc knight
 12057 | Bailey   | Killed an orc knight
 12115 | Bailey   | Noticed an orc knight
 12134 | Bailey   | Noticed an orc warlord
 12137 | Bailey   | Killed an orc knight
 12138 | Bailey   | Reached XP level 11. HP: 52/87 MP: 8/16
 12223 | Bailey   | Found a runed translucent gate.
 12223 | Bailey   | Found a runed translucent gate.
 12242 | Bailey   | Reached **** piety under Makhleb
 12267 | Bailey   | Found a runed translucent gate.
 12310 | Bailey   | Killed an orc warlord
 12452 | D:9      | Noticed Harold
 12473 | D:9      | Killed Harold
 12523 | D:9      | Found a staircase to the Lair.
 12560 | D:9      | Found Dicot's Antique Weapon Shop.
 12568 | D:9      | Noticed Erolcha
 12583 | D:9      | Killed Erolcha
 12644 | D:9      | Noticed Pikel
 12656 | D:9      | Killed Pikel
 12657 | D:9      | Reached skill level 5 in Evocations
 12685 | D:9      | Reached skill level 10 in Fighting
 12729 | D:9      | Noticed a two-headed ogre
 12750 | D:9      | Killed a two-headed ogre
 12873 | D:9      | Noticed a two-headed ogre
 12886 | D:9      | Killed a two-headed ogre
 12887 | D:9      | Found a staircase to the Orcish Mines.
 12988 | D:9      | Found a radiant altar of Vehumet.
 13268 | D:9      | Reached ***** piety under Makhleb
 13416 | D:10     | Entered Level 10 of the Dungeon
 13455 | D:9      | Acquired a +2 broad axe of draining
 13571 | D:10     | Reached XP level 12. HP: 98/98 MP: 16/18
 13611 | D:10     | Found a transporter.
 13612 | D:10     | Found a shadowy altar of Dithmenos.
 13612 | D:10     | Noticed a frost giant
 13618 | D:10     | Found a transporter.
 13802 | D:10     | Noticed an angel
 13807 | D:10     | Found Ufuoddargh's Hallowed Reliquary.
 13833 | D:10     | Found an ancient bone altar of Kikubaaqudgha.
 14120 | Lair:1   | Entered Level 1 of the Lair of Beasts
 14290 | Lair:1   | Noticed a seven-headed hydra
 14497 | Lair:1   | HP: 2/100 [13-headed hydra (8)]
 15251 | Lair:2   | Noticed a boulder beetle
 15286 | Lair:2   | Killed a boulder beetle
 15322 | Lair:2   | Killed a 13-headed hydra
 15830 | Lair:2   | Found a staircase to the Shoals.
 16173 | Lair:2   | Reached skill level 10 in Invocations
 16372 | Lair:3   | Noticed a seven-headed hydra
 16381 | Lair:3   | Killed an 11-headed hydra
 16474 | Lair:3   | You fall into a shaft and drop 1 floor!
 16636 | Lair:4   | Acquired a manual of Invocations
 16832 | Lair:4   | Noticed a six-headed hydra
 16885 | Lair:4   | HP: 5/102 [11-headed hydra (8)]
 16888 | Lair:4   | Killed an 11-headed hydra
 16889 | Lair:4   | Gained mutation: You sometimes gain a little power by
                  | taking damage. [demonic ancestry]
 16889 | Lair:4   | Reached XP level 13. HP: 6/108 MP: 4/21
 17315 | Lair:4   | Noticed a dire elephant
 17341 | Lair:4   | Killed a dire elephant
 18226 | Lair:3   | Acquired the +2 hat of Death Resistance {Slay+3}
 18789 | Lair:4   | Found a staircase to the Snake Pit.
 20157 | Lair:5   | Found a staircase to the Slime Pits.
 20270 | Lair:5   | Found a broken altar of Ashenzari.
 20426 | Lair:5   | Slain by a 14-headed hydra

Illustrated notes

Levels and vault maps discovered:
D:1:      elethiomel_arrival_maze, layout_rooms, shapermc_ecumenical_altar_gd,
          minmay_misc_feat_rows
D:2:      layout_loops_corners
D:3:      layout_basic, uniq_natasha
D:4:      layout_cave_pools, trog_hazing_becter,
          mainiacjoe_overflow_concentric_impassable, temple_hall,
          gup_sewer_entry_bowl, uniq_eustachio, uniq_blork_the_orc, uniq_robin
D:5:      layout_layer_cave, fedhas_ov_isle_minmay,
          mainiacjoe_overflow_tiny_flanked, serial_bayou, serial_bayou_pond_b,
          serial_bayou_pond_e, serial_bayou_lagoon_a, serial_bayou_lagoon_b,
          hangedman_minor_gate_pass
D:6:      layout_gridville, marbit_many_paths, nemelex_dance_club_becter,
          grunt_decor_arrowhead, minmay_misc_feat_tiny, uniq_menkaure
D:7:      layout_basic, xom_shifter_show, nicolae_qazlal_scattered_showers,
          grunt_ministairs_3, minmay_misc_feat_nine_boxes,
          hangedman_abyss_or_decor_passed
D:8:      layout_gridville, nzn_wu_jian_council_hall,
          nicolae_uskayaw_dance_hall, serial_shops, nicolae_stop_n_shop_2,
          serial_undead, serial_undead_d, serial_undead_f, serial_undead_e,
          serial_undead_b, enter_ossuary_1, uniq_maurice, uniq_joseph,
          uniq_erica
D:9:      layout_loops_cross, kennysheep_little_box, david_lair_generic,
          david_orc_4, enter_bailey_5, serial_shops, nicolae_diamond_shop,
          serial_aquarium, aquarium_bridge_square [aquarium_subvault_bridge,
          aquarium_subvault_wall, aquarium_subvault_wall,
          aquarium_subvault_bridge], aquarium_window_fake, aquarium_window_1,
          aquarium_window_1, aquarium_window_corridor_1, aquarium_view_2b,
          aquarium_pool_2, uniq_erolcha, uniq_pikel, uniq_harold
D:10:     layout_rooms, nicolae_overflow_crystal_walls,
          gammafunk_temple_overflow_arena, serial_corexii_hall,
          corexii_hall_statues_u, corexii_hall_statues_t, nicolae_good_shop
Temple:   compressed_dpeg_triangle_lava_temple
Lair:1:   layout_cave_shapes, infiniplex_staircase_pool, grunt_megastairs_5
Lair:2:   layout_big_grid, elwin_shoals_entry_rooms, wad_woods_road_05,
          serial_bayou_shore_a
Lair:3:   layout_gridlike, lemuel_fruit_tree
Lair:4:   nzn_winding_woodlands_medium [nzn_winding_woodlands_hourglass,
          nzn_winding_woodlands_5x15_default, nzn_winding_woodlands_5x5_default,
          nzn_winding_woodlands_5x5_open_star,
          nzn_winding_woodlands_center_diamonds,
          nzn_winding_woodlands_5x5_closed_star,
          nzn_winding_woodlands_5x5_cross, nzn_winding_woodlands_5x15_pockets,
          nzn_winding_woodlands_5x5_three], layout_hall_layers,
          minmay_snake_entry_guardpost_medium
Lair:5:   cheibrodos_lair_river_kwai, layout_regular_city,
          nicolae_slime_entry_slimehenge, lemuel_oklob_altar

Skill      XL: |  1  2  3  4  5  6  7  8  9 10 11 12 13 |
---------------+----------------------------------------+-----
Throwing       | 2 3 4 5 6 |  6.0
Dodging        | 3 4 5 6 7 8 9 |  9.6
Axes           | 3 4 5 6 7 8 9 |  9.6
Fighting       | 3 4 5 6 8 10 12 | 12.9
Armour         | 1 2 3 4 5 6 7 8 9 |  9.0
Invocations    | 2 5 7 8 10 12 | 12.5
Evocations     | 1 3 5 7 |  7.9

Action                   |  1- 3 |  4- 6 |  7- 9 | 10-12 | 13-15 || total
-------------------------+-------+-------+-------+-------+-------++-------
Melee: War axe           |   113 |   178 |   502 |   513 |       ||  1306
       Broad axe         |       |       |       |   341 |   290 ||   631
Throw: Dart              |       |       |     9 |    36 |     4 ||    49
Invok: Minor Destruction |       |       |       |     5 |       ||     5
       Lesser Servant of |       |       |       |     2 |     3 ||     5
Evoke: Wand              |       |       |       |     7 |     6 ||    13
  Use: Scroll            |       |     4 |     8 |    21 |     2 ||    35
       Potion            |       |       |     1 |     7 |     2 ||    10
 Stab: Sleeping          |     2 |       |       |     1 |       ||     3
       Distracted        |       |       |     1 |       |       ||     1
Armor: Leather armour    |    41 |     2 |       |       |       ||    43
       Ring mail         |       |    93 |   176 |   156 |   170 ||   595
       Troll leather arm |       |       |    60 |   181 |       ||   241
Dodge: Dodged            |    90 |   106 |   403 |  1026 |   398 ||  2023
Block: Other             |       |       |       |   265 |   106 ||   371
       Reflection        |       |       |       |     7 |     1 ||     8
       Tower shield      |       |       |       |       |    32 ||    32

Table legend: (Time is in decaauts)
 A = Elapsed time spent in this place.
 B = Non-inter-level travel time spent in this place.
 C = Inter-level travel time spent in this place.
 D = Time resting spent in this place.
 E = Time spent auto-exploring this place.
 F = Levels seen in this place.
 G = Mean time per level.
                   A        B        C        D        E       F      G
               +--------+--------+--------+--------+--------+-----+--------+
         Total |  21111 |  20632 |    479 |   3783 |  10759 |  19 | 1111.1 |
       Dungeon |  11718 |  11270 |    448 |   1214 |   6631 |  10 | 1171.8 |
        Temple |    278 |    270 |      8 |      0 |    182 |   1 |  278.0 |
          Lair |   6427 |   6404 |     23 |   1986 |   2758 |   5 | 1285.4 |
         Sewer |   2076 |   2076 |      0 |    521 |   1187 |   1 | 2076.0 |
       Ossuary |    191 |    191 |      0 |      0 |      0 |   1 |  191.0 |
        Bailey |    418 |    418 |      0 |     61 |      0 |   1 |  418.0 |
               +--------+--------+--------+--------+--------+-----+--------+

Top non-repeatable levels by time:
   Sewer: 2076 daAuts
     D:5: 2074 daAuts
  Lair:4: 1856 daAuts
     D:4: 1500 daAuts
  Lair:5: 1418 daAuts
     D:3: 1279 daAuts
     D:9: 1279 daAuts
     D:1: 1258 daAuts
  Lair:2: 1242 daAuts
     D:7: 1187 daAuts
     D:2: 965 daAuts
  Lair:1: 964 daAuts
  Lair:3: 944 daAuts
     D:6: 896 daAuts
     D:8: 722 daAuts
